Map: Odyssey LE

Players

PraetoR

  • Race: Protoss Protoss
  • League: Master
  • Spawn Location: 11:00

Nycro - Winner!

  • Race: Protoss Protoss
  • League: Master
  • Spawn Location: 5:00

Event: HopeTL

VOD

https://www.youtube.com/watch?v=fIOJgj8wW98&list=PL9QsjkBYtQM7NVZEDVfaNugqO61aBOlm6&index=1

Description

Time

  • Played on: Oct. 7, 2017, 7:17 p.m.
  • Length: 10:57
Show
View Real Time Build Order
Export as new Build Order

PraetoR Protoss 

Build Orders:  

Get SALT Encoding   

  12  0:01  Probe (Chrono Boost)  
  13  0:11  Probe (Chrono Boost)  
  14  0:17  Pylon  
  14  0:22  Probe (Chrono Boost)  
  15  0:36  Gateway, Probe (Chrono Boost)  
  15  0:42  Assimilator  
  16  0:46  Probe (Chrono Boost)  
  18  0:57  Probe (Chrono Boost)  
  18  0:58  Assimilator  
  18  1:07  Probe (Chrono Boost)  
  18  1:10  Gateway  
  19  1:18  Probe (Chrono Boost)  
  20  1:24  Cybernetics Core  
  20  1:28  Probe (Chrono Boost)  
  20  1:32  Pylon  
  21  1:39  Probe (Chrono Boost)  
  22  1:50  Pylon  
  22  1:52  Probe (Chrono Boost)  
  25  2:02  Stalker (Chrono Boost)  
  25  2:05  Stalker (Chrono Boost)  
  25  2:08  Probe  
  28  2:10  Warp Gate (Chrono Boost)  
  28  2:20  Mothership Core  
  30  2:29  Stalker (Chrono Boost)  
  32  2:31  Stalker (Chrono Boost)  
  34  2:43  Probe  
  35  2:57  Pylon  
  35  2:58  Stalker  
  35  3:01  Stalker  
  38  3:36  Pylon  
  38  3:40  Probe  
  39  3:43  Nexus  
  33  4:13  Stalker  
  33  4:14  Stalker  
  33  4:17  Probe  
  38  4:27  Robotics Facility  
  38  4:28  Twilight Council  
  38  4:48  Probe  
  38  4:51  Stalker x2  
  43  4:53  Twilight Council  
  43  4:54  Blink (Chrono Boost), Probe  
  44  5:00  Probe  
  44  5:05  Probe  
  46  5:12  Probe  
  47  5:19  Probe  
  48  5:23  Immortal (Chrono Boost)  
  48  5:26  Probe  
  53  5:32  Stalker  
  55  5:37  Stalker  
  55  5:38  Probe  
  58  5:45  Probe  
  59  5:54  Charge (Chrono Boost)  
  59  6:01  Immortal (Chrono Boost)  
  63  6:06  Probe  
  64  6:12  Gateway  
  64  6:15  Gateway  
  64  6:17  Pylon  
  64  6:24  Gateway  
  64  6:28  Gateway  
  64  6:31  Gateway  
  64  6:33  Gateway  
  64  6:36  Observer  
  65  6:49  Zealot x2  
  65  6:52  Pylon  
  65  6:53  Pylon  
  69  6:56  Pylon  
  69  7:01  Pylon  
  69  7:11  Warp Prism (Chrono Boost)  
  69  7:13  Zealot x2  
  75  7:17  Sentry  
  75  7:18  Zealot  
  79  7:31  Zealot x3  
  79  7:37  Zealot x2  
  89  8:02  Zealot x3  
  89  8:03  Zealot x3  
  101  8:12  Pylon  
  101  8:14  Pylon  
  95  8:31  Zealot x7  
  109  8:35  Pylon  
  109  8:36  Pylon  
  88  8:50  Zealot x2  
  88  8:52  Probe  
  93  8:57  Zealot x3  
  97  9:05  Zealot x2  
  97  9:16  Zealot x2  
  97  9:17  Zealot  
  89  9:29  Zealot x3  
  53  9:49  Nexus  
  53  9:55  Immortal  
  52  10:11  Probe  
  53  10:14  Assimilator  
  53  10:16  Assimilator  
  53  10:17  Templar Archives  
  53  10:34  Observer, Zealot x2  
  53  10:35  Zealot x4  
  50  10:52  Zealot x2  
Show
View Real Time Build Order
Export as new Build Order

Nycro Protoss - Winner!

Build Orders:  

Get SALT Encoding   

  12  0:01  Probe (Chrono Boost)  
  13  0:11  Probe (Chrono Boost)  
  14  0:17  Pylon  
  14  0:22  Probe (Chrono Boost)  
  16  0:35  Probe (Chrono Boost)  
  16  0:36  Gateway  
  16  0:42  Assimilator  
  16  0:46  Probe (Chrono Boost)  
  17  0:51  Assimilator  
  18  0:57  Probe (Chrono Boost)  
  18  1:08  Gateway, Probe (Chrono Boost)  
  20  1:18  Probe (Chrono Boost)  
  20  1:23  Cybernetics Core  
  20  1:29  Probe (Chrono Boost)  
  21  1:38  Pylon  
  21  1:39  Probe (Chrono Boost)  
  22  1:50  Probe (Chrono Boost)  
  23  2:00  Adept  
  23  2:01  Adept  
  27  2:03  Warp Gate  
  27  2:04  Mothership Core (Chrono Boost)  
  29  2:10  Pylon  
  30  2:23  Probe (Chrono Boost)  
  30  2:28  Stalker x2  
  34  2:34  Probe (Chrono Boost)  
  35  3:05  Stalker x2  
  35  3:16  Nexus  
  35  3:23  Pylon  
  35  3:33  Robotics Facility  
  34  3:39  Probe (Chrono Boost)  
  39  3:41  Sentry x2  
  39  3:52  Probe (Chrono Boost)  
  39  4:02  Probe (Chrono Boost)  
  39  4:17  Twilight Council  
  39  4:19  Gateway  
  39  4:20  Probe (Chrono Boost)  
  39  4:21  Observer  
  41  4:25  Stalker  
  41  4:27  Stalker  
  45  4:34  Probe (Chrono Boost)  
  46  4:45  Probe (Chrono Boost)  
  47  4:50  Immortal  
  51  4:53  Stalker  
  51  4:56  Probe (Chrono Boost)  
  51  4:58  Probe (Chrono Boost)  
  55  5:09  Probe (Chrono Boost)  
  55  5:12  Pylon  
  55  5:14  Probe (Chrono Boost)  
  57  5:18  Blink (Chrono Boost)  
  57  5:20  Probe (Chrono Boost)  
  58  5:24  Probe (Chrono Boost)  
  59  5:31  Probe (Chrono Boost)  
  59  5:35  Probe (Chrono Boost)  
  61  5:37  Assimilator  
  61  5:40  Pylon  
  61  5:42  Assimilator, Probe (Chrono Boost)  
  62  5:44  Immortal (Chrono Boost)  
  66  5:50  Probe (Chrono Boost)  
  66  5:52  Probe (Chrono Boost)  
  68  6:04  Forge  
  68  6:06  Probe  
  68  6:08  Stalker x2  
  68  6:09  Stalker  
  75  6:14  Probe  
  76  6:25  Pylon  
  76  6:28  Observer (Chrono Boost)  
  76  6:29  Probe  
  76  6:32  Nexus  
  78  6:38  Protoss Ground Weapons Level 1  
  78  6:42  Photon Cannon  
  78  6:46  Gateway  
  78  6:55  Gateway  
  78  6:57  Gateway  
  78  7:05  Immortal (Chrono Boost)  
  82  7:08  Probe  
  82  7:09  Probe  
  82  7:10  Charge  
  84  7:21  Probe  
  85  7:28  Pylon  
  85  7:29  Pylon  
  85  7:42  Pylon x2  
  89  7:44  Immortal (Chrono Boost), Stalker x2  
  92  7:51  Stalker x2  
  92  7:57  Zealot x2  
  100  8:12  Zealot x2  
  104  8:17  Gateway  
  104  8:19  Gateway  
  104  8:23  Zealot  
  104  8:24  Zealot x2  
  110  8:31  Sentry  
  112  8:37  Pylon, Templar Archives  
  112  8:40  Sentry x2  
  116  8:47  Stalker  
  116  8:51  Pylon  
  114  8:56  Zealot  
  116  9:09  Zealot x4  
  118  9:21  Stalker x2  
  104  9:33  Stalker x2  
  104  9:34  Stalker  
  102  9:45  Stalker x3  
  100  9:48  Probe  
  101  10:04  Pylon  
  101  10:08  Zealot x2  
  101  10:09  Zealot  
  107  10:18  Pylon  
  107  10:19  High Templar x2  
  111  10:24  Archon  
  111  10:37  High Templar  
  111  10:38  High Templar x2  
  111  10:39  High Templar  
  103  10:55  Archon x2  
Tags
 
Add a new tag
Caveats
  • Supply blocks, unpowered buildings, or Contaminate may cause inaccurate times.
  • Supply counts are checked every 10 seconds.